 Dungeon Crawl Stone Soup version 0.14-a0-1266-g856eec9 (webtiles) character file.

35803 4tharraofdagon the Severer (level 13, 0/119 (122) HPs)
             Began as a Hill Orc Wanderer on Dec 3, 2013.
             Was the Champion of Beogh.
             Slain by a tengu reaver
             ... wielding a +0,+0 great sword
              (4 damage)
             ... on Level 2 of the Depths.
             The game lasted 01:48:26 (10501 turns).

4tharraofdagon the Severer (Hill Orc Wanderer)     Turns: 10501, Time: 01:48:27

HP   0/119 (122) AC 15     Str 15 (21) XL: 13   Next: 81%
MP   2/27        EV 10     Int  9 (13) God: Beogh [******]
Gold 664         SH  0     Dex 12      Spells:  0 memorised, 25 levels left

rFire  + + .     SeeInvis .     Z - +2,+1 orc war axe (freeze)
rCold  . . .     Clarity  .     G - +0 troll leather armour
rNeg   . . .     Conserve .     (no shield)
rPois  .         rCorr    .     a - +1 helmet
rElec  +         rRot     .     n - +1 cloak {MR+}
SustAb . .       Spirit   .     O - +2 pair of elf gloves
rMut   .         Warding  .     (no boots)
Saprov + . .     Stasis   .     k - amulet of rage
                                e - ring of protection from fire
                                K - ring of protection from fire

@: exhausted, slowed, very slow, quite resistant to hostile enchantments, very
unstealthy
A: walk on water, agile 1, deterioration 1, saprovore 1, electricity resistance,
strong 1
a: Smiting, Recall Orcish Followers, Renounce Religion, Evoke Berserk Rage


You were on level 2 of the Depths.
You worshipped Beogh.
Beogh was exalted by your worship.
You were not hungry.

You visited 3 branches of the dungeon, and saw 22 of its levels.
You also visited: Ice Cave.

You collected 1709 gold pieces.
You spent 1045 gold pieces at shops.

Inventory:

Hand weapons
 u - a +2,+1 orcish battleaxe
 E - a +1,+0 orcish battleaxe
 J - a +0,+4 orcish crossbow
 Z - a +2,+1 orcish war axe of freezing (weapon)
Armour
 a - a +1 helmet (worn)
 n - a +1 cloak of magic resistance (worn)
 s - a +2 orcish plate armour
 G - a +0 troll leather armour (worn)
 O - a +2 pair of elven gloves (worn)
 U - a +0 cloak
Magical devices
 b - a wand of enslavement (19)
 m - a wand of digging (15)
 D - a wand of lightning (3)
 L - a wand of fire (0)
 M - a wand of fire (0)
 S - a wand of random effects (7)
 T - a wand of hasting (0)
 Y - a wand of magic darts (11)
Comestibles
 c - 3 chunks of warg flesh
 d - 3 meat rations
 g - a royal jelly
 I - 4 bread rations
Scrolls
 p - 3 scrolls of magic mapping
 w - 2 scrolls of enchant weapon I
 x - 3 scrolls of identify
 y - 2 scrolls of fog
 A - a scroll of fear
 B - a scroll of brand weapon
 F - 2 scrolls of remove curse
 H - 3 scrolls of enchant weapon II
 R - a scroll of silence
 V - a scroll of noise
Jewellery
 e - a ring of protection from fire (right hand)
 h - a cursed ring of wizardry
 j - an uncursed ring of wizardry
 k - an amulet of rage (around neck)
 q - a +2 ring of intelligence
 C - an uncursed amulet of stasis
 K - a ring of protection from fire (left hand)
 Q - an uncursed amulet of warding
 W - an uncursed ring of fire
Potions
 f - a potion of magic
 i - 4 potions of curing
 l - 2 potions of invisibility
 o - 3 potions of brilliance
 r - a potion of porridge
 v - 2 potions of restore abilities
 z - 2 potions of resistance
 X - a potion of flight


   Skills:
 + Level 13.3 Fighting
 - Level 15.1 Axes
   Level 1.1 Maces & Flails
 + Level 13.0 Armour
 + Level 6.9 Spellcasting
 - Level 7.0 Invocations
 - Level 6.3 Evocations


You had 25 spell levels left.
You didn't know any spells.

Dungeon Overview and Level Annotations

Branches:
Dungeon (16/16)            Temple (0/1) D:5             Orc (4/4) D:10
    Elf (0/3) Orc:3        Depths (2/6) D:16
   Lair: D:8-11      Vaults: D:14-15

Altars:
Ashenzari
Cheibriados
Elyvilon
Nemelex Xobeh
Okawaru
Sif Muna
Trog
Vehumet
Yredelemnul
the Shining One

Shops:
D:5 *   D:7 (/=!+   Orc:2 ((   Orc:4 **/?

Portals:
Pandemonium: Depths:1

Annotations:
D:4 Sigmund; shugdite's ghost, average MiFi
D:15 Erica; Louise


Innate Abilities, Weirdness & Mutations

You can walk on water.
You can tolerate rotten meat.
You are agile. (Dex +2)
Your body is slowly deteriorating.
You are resistant to electric shocks.
Your muscles are strong. (Str +2)


Message History

* * * LOW HITPOINT WARNING * * *
The tengu reaver pecks you but does no damage.
The tengu reaver claws you.
* * * LOW HITPOINT WARNING * * *
Unknown command.
Evoke which item? (* to show all) (? for menu, Esc to quit)
Okay, then.
Press: ? - help, v - describe, . - travel
Here: a tengu reaver, wielding a great sword and wearing a shiny ring mail The floor, spattered with blood.
Evoke which item? (* to show all) (? for menu, Esc to quit)
Zapping:
b - a wand of enslavement
Press: ? - help, Shift-Dir - straight line, f - tengu reaver
Aim: a tengu reaver, wielding a great sword and wearing a shiny ring mail The tengu reaver resists.
Olfik hits the tengu reaver with an orcish great mace!
The tengu reaver hits you with a great sword!
* * * LOW HITPOINT WARNING * * *
The tengu reaver pecks you.
You die...

### #.# #<# #.#
############'###############
...........@><..^...........
...........Ho..)[...........
..............[...≈≈.......
...####........≈≈≈≈≈≈....##
≈≈ ###...[≈≈≈##≈≈≈≈####
###≈≈≈≈##≈≈≈≈≈≈≈#
#≈≈≈≈≈≈≈≈≈≈≈≈≈##
≈≈≈≈≈≈##≈≈≈≈≈≈≈#
≈≈≈≈≈≈≈≈≈≈≈≈≈≈≈≈≈≈≈


You could see a tengu reaver and the friendly Olfik the orc knight.

Vanquished Creatures
  A fire dragon (D:16)
  Josephine (D:12)
  An ice dragon (D:16)
  An ogre mage (D:16)
  2 centaur warriors
  2 hill giants
  2 unseen horrors (D:16)
  A death drake (Depths:2)
  An orc sorcerer (Depths:2)
  A griffon (D:14)
  A cyclops (D:13)
  A troll (D:16)
  2 two-headed ogres (D:16)
  A basilisk (D:14)
  12 slime creatures
  A shadow (D:15)
  2 water elementals (Depths:2)
  A vampire (D:15)
  5 fire elementals (D:15)
  10 yaks
  4 wolves
  A chaos spawn (Depths:1)
  2 hungry ghosts
  2 sharks (Depths:2)
  2 hippogriffs (D:14)
  A hill giant skeleton (D:12)
  A steam dragon (D:9)
  A swamp drake (D:9)
  4 hell hounds
  2 yellow wasps (D:10)
  2 sky beasts
  9 orc warriors
  7 centaurs
  5 ogres
  A rotting devil (Depths:1)
  A fire crab zombie (D:14)
  A crocodile (D:12)
  7 wargs (Depths:2)
  3 giant frogs (D:9)
  A hell hound zombie (Depths:2)
  A big kobold (D:9)
  14 killer bees
  A yak zombie (D:14)
  A yak skeleton (D:10)
  A hippogriff skeleton (D:9)
  3 crimson imps
  4 hounds
  6 scorpions
  A basilisk zombie (D:14)
  7 orc priests
  An iguana (D:5)
  8 orc wizards
  A two-headed ogre skeleton (D:12)
  A troll simulacrum (D:12)
  4 worker ants
  3 warg skeletons (Depths:2)
  A killer bee zombie (D:13)
  An ogre zombie (Depths:2)
  2 giant frog simulacra (D:12)
  4 sheep (D:13)
  A mottled dragon skeleton (D:12)
  A crocodile skeleton (D:12)
  An ogre skeleton (D:6)
  A mummy (D:13)
  3 gnolls (D:7)
  A giant mite (D:2)
  11 adders
  4 green rats (D:10)
  2 worms
  2 adder skeletons
  An iguana skeleton (D:10)
  A giant eyeball (D:9)
  A giant gecko (D:4)
  An ooze (D:6)
  41 orcs
  3 giant cockroaches
  19 goblins
  13 hobgoblins
  13 bats
  3 giant newts
  A hobgoblin skeleton (D:5)
  9 jackals
  10 kobolds
  A kobold zombie (D:7)
  4 quokkas
  A quokka skeleton (D:5)
  13 rats
  A rat skeleton (D:7)
334 creatures vanquished.

Vanquished Creatures (collateral kills)
  The ghost of confidenceinterval the Bludgeoner, a powerful GrFi of Okawaru (D:14)
  Azrael (D:15)
  A lorocyproca (D:16)
  A fire dragon (D:16)
  An ice dragon (Depths:2)
  Nessos (D:11)
  Urug (D:13)
  A vampire mage (Depths:2)
  3 centaur warriors
  A death drake (Depths:2)
  3 orc knights
  Joseph (Orc:4)
  A wolf spider zombie (D:13)
  A stone giant zombie (D:16)
  2 cyclopes
  Maurice (Orc:2)
  A spiny frog (shapeshifter) (D:14)
  Psyche (D:11)
  A yaktaur (Depths:1)
  A smoke demon (Depths:1)
  3 trolls
  A blue devil (Depths:1)
  A death drake zombie (Depths:2)
  4 slime creatures
  3 two-headed ogres
  3 ugly things (D:14)
  A shadow (D:16)
  A hill giant zombie (D:15)
  A hippogriff (D:12)
  A hungry ghost (D:16)
  A water elemental (Depths:2)
  Grum (D:11)
  14 yaks
  2 hogs (D:15)
  3 hell hounds (Depths:2)
  5 wolves
  A black bear (D:12)
  A soldier ant (D:16)
  17 orc warriors
  A yellow wasp (D:15)
  3 ice beasts (Orc:4)
  A mottled dragon (D:15)
  4 ogres
  10 centaurs
  3 wargs
  A giant slug zombie (D:16)
  A big kobold (D:16)
  3 giant frogs
  A manticore zombie (D:13)
  2 killer bees
  An eye of draining (Depths:2)
  A hell hound skeleton (Depths:2)
  A boulder beetle zombie (D:16)
  A wolf zombie (Depths:2)
  8 orc priests
  A giant frog zombie (D:11)
  A goliath beetle (D:11)
  A jelly (D:14)
  A crimson imp (D:14)
  3 iguanas
  6 orc wizards
  2 warg zombies (Depths:2)
  A warg skeleton (Depths:2)
  2 worker ants
  2 mummies
  2 adders
  12 white imps (Orc:4)
  A goliath beetle zombie (D:10)
  A giant gecko (D:5)
  23 orcs
  A hobgoblin (Orc:3)
  2 kobolds (D:16)
  A quokka (D:11)
  An orc skeleton (Depths:2)
  2 rats (D:2)
197 creatures vanquished.

Vanquished Creatures (others)
  5 orc knights
  A manticore (D:15)
  9 orc warriors
  3 centaurs
  5 orc wizards
  10 orc priests
  76 orcs
  A plant (Depths:2)
110 creatures vanquished.

Grand Total: 641 creatures vanquished

Notes
Turn   | Place    | Note
--------------------------------------------------------------
     0 | D:1      | 4tharraofdagon, the Hill Orc Wanderer, began the quest for the Orb.
     0 | D:1      | Reached XP level 1. HP: 18/18 MP: 1/1
   123 | D:1      | Reached XP level 2. HP: 23/25 MP: 2/2
   263 | D:2      | Found a radiant altar of Vehumet.
   321 | D:2      | Reached XP level 3. HP: 25/30 MP: 4/4
   508 | D:2      | Found a deep blue altar of Sif Muna.
   510 | D:2      | Found a sparkling altar of Nemelex Xobeh.
   511 | D:2      | Found a white marble altar of Elyvilon.
   516 | D:2      | Found a snail-covered altar of Cheibriados.
   672 | D:3      | Reached XP level 4. HP: 34/38 MP: 5/5
  1001 | D:3      | Noticed a sky beast
  1096 | D:4      | Noticed Sigmund
  1192 | D:4      | Reached skill level 5 in Armour
  1192 | D:4      | Reached XP level 5. HP: 31/45 MP: 7/7
  1416 | D:4      | Became a worshipper of Beogh the Brigand
  1447 | D:4      | Found a deep blue altar of Sif Muna.
  1491 | D:4      | Noticed shugdite's ghost (average MiFi)
  1558 | D:5      | Entered Level 5 of the Dungeon
  1558 | D:5      | Noticed a steam dragon
  1686 | D:5      | Noticed an ogre
  1734 | D:5      | Found a bloodstained altar of Trog.
  2003 | D:5      | Found a basalt altar of Yredelemnul.
  2004 | D:5      | Noticed a profane servitor
  2008 | D:5      | Found a glowing golden altar of the Shining One.
  2009 | D:5      | Noticed an angel
  2071 | D:5      | Found Awarrung's Assorted Antiques.
  2081 | D:5      | Bought a fuming red potion for 20 gold pieces
  2081 | D:5      | Bought an oily pink potion for 20 gold pieces
  2081 | D:5      | Bought an orcish battleaxe for 119 gold pieces
  2081 | D:5      | Bought a scroll labeled AGIKHL SHREPUSA for 23 gold pieces
  2127 | D:4      | Reached XP level 6. HP: 47/52 MP: 9/9
  2241 | D:5      | Found a staircase to the Ecumenical Temple.
  2244 | D:5      | Reached skill level 5 in Axes
  2386 | D:5      | Bought an orcish wizard hat for 46 gold pieces
  2391 | D:5      | Noticed an ogre
  2433 | D:5      | Killed an ogre
  2469 | D:6      | Found a shattered altar of Ashenzari.
  2579 | D:6      | Reached XP level 7. HP: 48/59 MP: 11/11
  2666 | D:6      | Reached skill level 6 in Axes
  2695 | D:6      | Acquired Beogh's first power
  2767 | D:7      | Found Khorr's Weapon Shoppe.
  2801 | D:6      | Noticed an ogre
  2806 | D:6      | Killed an ogre
  2996 | D:6      | Noticed an ice beast
  3029 | D:7      | Found Plye's Magical Wand Boutique.
  3031 | D:7      | Found Delag's Distillery.
  3032 | D:7      | Found Skohaodi's Jewellery Shoppe.
  3078 | D:7      | Bought a potion of mutation for 42 gold pieces
  3079 | D:7      | Gained mutation: You are resistant to electric shocks. [potion of mutation]
  3079 | D:7      | Gained mutation: You are agile. (Dex +2) [potion of mutation]
  3079 | D:7      | Gained mutation: Your muscles are strong. (Str +2) [potion of mutation]
  3160 | D:7      | Found Qaeka's Book Shoppe.
  3210 | D:7      | Reached skill level 7 in Axes
  3276 | D:7      | Reached skill level 5 in Fighting
  3276 | D:7      | Reached XP level 8. HP: 62/68 MP: 14/14
  3527 | D:9      | Reached skill level 5 in Evocations
  3831 | D:9      | Reached skill level 8 in Axes
  3876 | D:10     | Entered Level 10 of the Dungeon
  3881 | D:10     | Acquired Beogh's second power
  3908 | D:10     | Paralysed by a yellow wasp for 1 turns
  4040 | D:11     | Noticed Grum
  4040 | D:11     | Noticed Psyche
  4050 | D:10     | Reached skill level 9 in Axes
  4271 | D:9      | Reached skill level 1 in Invocations
  4271 | D:9      | Reached XP level 9. HP: 75/75 MP: 17/17
  4435 | D:9      | Gained mutation: Your body is slowly deteriorating. [mutagenic meat]
  4436 | D:9      | :(
  4538 | D:10     | Reached skill level 10 in Axes
  4648 | D:10     | Ladykiller69: where are your orcs
  4651 | D:10     | Ladykiller69: why arent orcs converting to you
  4668 | D:10     | Found a staircase to the Orcish Mines.
  4688 | D:10     | 4tharraofdagon: i have no idea
  4688 | D:10     | 4tharraofdagon: never played beogh
  4774 | D:10     | Noticed a hill giant
  4801 | Orc:1    | Entered Level 1 of the Orcish Mines
  4807 | Orc:1    | Bloax: No tomahawks?
  4808 | Orc:1    | Ladykiller69: maybe you're not attrctive enough
  4808 | Orc:1    | Acquired Beogh's third power
  4813 | Orc:1    | Noticed an orc knight
  4814 | Orc:1    | Bloax: They're great against giants.
  4828 | Orc:1    | Bloax: go forth lenin
  4828 | Orc:1    | Bloax: fight the power
  4831 | Orc:2    | Found Kla Cheutt's Weapon Shoppe.
  4855 | Orc:2    | Bloax: 104 gold
  4855 | Orc:2    | Bloax: eveningstar
  5041 | Orc:2    | Found Epoeda Vawets' Weapon Shoppe.
  5051 | Orc:2    | Noticed Maurice
  5051 | Orc:2    | Killed Maurice
  5250 | Orc:3    | Found a staircase to the Elven Halls.
  5294 | Orc:3    | Ladykiller69: nice
  5325 | Orc:4    | Entered Level 4 of the Orcish Mines
  5352 | Orc:4    | Ladykiller69: LOL
  5357 | Orc:4    | Ladykiller69: thar orc
  5363 | Orc:4    | Ladykiller69: "Are you our savior?
  5364 | Orc:4    | Ladykiller69: and BOOM
  5366 | Orc:4    | Ladykiller69: :D
  5377 | Orc:4    | Ladykiller69: (I am amused)
  5386 | Orc:4    | Reached skill level 11 in Axes
  5521 | Orc:3    | Reached XP level 10. HP: 58/86 MP: 19/19
  5573 | Orc:3    | Gained Olfrun as an ally
  5628 | Orc:3    | Ladykiller69: wooho
  5630 | Orc:3    | Ladykiller69: I'm here twice
  5687 | Orc:4    | Noticed Joseph
  5687 | Orc:4    | Found a frozen archway.
  5701 | Orc:4    | Killed Joseph
  5701 | Orc:4    | Acquired Beogh's fourth power
  5707 | Orc:4    | Gained Blodwig as an ally
  5713 | Orc:4    | 4tharraofdagon: giev me dat axe!
  5731 | Orc:4    | Ladykiller69: can you do that?
  5749 | IceCv    | Entered an ice cave
  5768 | Orc:4    | Ladykiller69: you could've recalled y know
  5799 | Orc:4    | Noticed a centaur warrior
  5804 | Orc:4    | Killed a centaur warrior
  5804 | Orc:4    | Gained Learuk as an ally
  5804 | Orc:4    | Reached skill level 5 in Invocations
  5815 | Orc:4    | Your ally Learuk died
  5833 | Orc:4    | Your ally Blodwig died
  5899 | Orc:4    | Reached skill level 12 in Axes
  5966 | Orc:4    | Your ally Olfrun died
  5985 | Orc:4    | Killed an orc knight
  5985 | Orc:4    | Gained Gorbash as an ally
  5987 | Orc:4    | Your ally Gorbash died
  6281 | Orc:4    | Found Hoff's General Store.
  6281 | Orc:4    | Found Xooxown's Magical Wand Shop.
  6289 | Orc:4    | Found Momuti's Magic Scroll Boutique.
  6291 | Orc:4    | Found Shyatan's Assorted Antiques.
  6297 | Orc:4    | Noticed a centaur warrior
  6301 | Orc:4    | Bought a scroll of recharging for 71 gold pieces
  6308 | Orc:4    | Bought a scroll of brand weapon for 320 gold pieces
  6308 | Orc:4    | Bought a scroll of teleportation for 48 gold pieces
  6308 | Orc:4    | Bought a scroll of remove curse for 48 gold pieces
  6308 | Orc:4    | Bought a scroll of identify for 32 gold pieces
  6308 | Orc:4    | Bought a scroll of identify for 32 gold pieces
  6308 | Orc:4    | Bought a scroll of identify for 32 gold pieces
  6308 | Orc:4    | Bought a scroll of teleportation for 48 gold pieces
  6308 | Orc:4    | Bought a scroll of blinking for 88 gold pieces
  6308 | Orc:4    | Bought a scroll of magic mapping for 56 gold pieces
  6602 | Orc:4    | Killed a centaur warrior
  6697 | Orc:1    | Bloax: https://dl.dropboxusercontent.com/u/63152810/a8.png
  6698 | Orc:1    | Bloax: dang
  6701 | Orc:1    | Bloax: this new brush is gr8
  6709 | Orc:1    | Bloax: also help what am i doing
  6730 | Orc:1    | Acquired Beogh's fifth power
  6736 | Orc:1    | Reached XP level 11. HP: 88/97 MP: 21/21
  6750 | Orc:1    | Bloax: "I will never give you up."
  6764 | Orc:1    | Bloax: "I will never let you down."
  6771 | Orc:1    | Bloax: "I will never turn around"
  6774 | Orc:1    | Noticed an orc knight
  6778 | Orc:1    | Bloax: "I will never hurt you."
  6791 | Orc:1    | Your orc warrior says, "4tharraofdagon, I like you."
  6813 | Orc:1    | Killed an orc knight
  6813 | Orc:1    | Reached skill level 13 in Axes
  6911 | Orc:2    | Found a bloodstained altar of Trog.
  7016 | D:10     | Killed a hill giant
  7025 | D:10     | Noticed a troll
  7031 | D:10     | Reached skill level 1 in Spellcasting
  7034 | D:10     | Killed a troll
  7073 | D:11     | Noticed Nessos
  7079 | D:11     | Killed Nessos
  7106 | D:11     | Gained Bladwarg as an ally
  7125 | D:11     | Noticed a cyclops
  7136 | D:11     | Killed a cyclops
  7240 | D:11     | Killed Psyche
  7250 | D:11     | Killed Grum
  7321 | D:11     | Gained Boldo as an ally
  7371 | D:12     | Reached skill level 14 in Axes
  7609 | D:13     | Noticed Urug
  7619 | D:13     | Killed Urug
  7619 | D:13     | Reached skill level 10 in Armour
  7644 | D:13     | Found an iron altar of Okawaru.
  7754 | D:13     | Bloax: No broad axe?
  7768 | D:14     | Noticed a centaur warrior
  7775 | D:14     | Killed a centaur warrior
  7775 | D:14     | Reached skill level 10 in Fighting
  7789 | D:14     | 4tharraofdagon: how to manage their equipment
  7798 | D:14     | Noticed confidenceinterval's ghost (powerful GrFi)
  7844 | D:14     | Killed confidenceinterval's ghost
  7865 | D:14     | Reached XP level 12. HP: 106/106 MP: 22/22
  7940 | D:15     | Entered Level 15 of the Dungeon
  8022 | D:15     | Reached skill level 15 in Axes
  8041 | D:15     | Noticed Louise
  8054 | D:15     | Your ally Bladwarg died
  8055 | D:15     | Your ally Boldo died
  8069 | D:15     | Noticed Erica
  8072 | D:16     | Entered Level 16 of the Dungeon
  8072 | D:16     | Noticed an ogre mage
  8579 | D:12     | Noticed Josephine
  8593 | D:12     | Killed Josephine
  8845 | D:14     | Gained Olfik as an ally
  8926 | D:14     | Noticed a centaur warrior
  8938 | D:14     | Killed a centaur warrior
  9094 | D:15     | Reached skill level 5 in Spellcasting
  9107 | D:14     | Ladykiller69: my He died )=
  9107 | D:14     | Ladykiller69: *HE
  9108 | D:14     | Bloax: ughhhhh
  9108 | D:14     | 4tharraofdagon: oh
  9161 | D:14     | Ladykiller69: in forest )=
  9173 | D:14     | Ladykiller69: well
  9173 | D:14     | 4tharraofdagon: ill avenge you!
  9173 | D:14     | Ladykiller69: because of forest
  9180 | D:15     | Ladykiller69: SpBe
  9181 | D:15     | Noticed Azrael
  9193 | D:15     | Killed Azrael
  9246 | D:16     | Reached XP level 13. HP: 56/117 MP: 25/25
  9268 | D:16     | Noticed a fire dragon
  9271 | D:16     | Ladykiller69: can olfik become an orc warlord?
  9280 | D:16     | Killed a fire dragon
  9282 | D:16     | Ladykiller69: because that would be fuckin badass
  9283 | D:16     | 4tharraofdagon: idk how the mechanics work
  9355 | D:16     | 4tharraofdagon: waterwalk
  9355 | D:16     | 4tharraofdagon: wow
  9355 | D:16     | 4tharraofdagon: im slowly turning into jesus
  9355 | D:16     | Ladykiller69: orc jesus, yes
  9355 | D:16     | Ladykiller69: afaik its the sole point of beorc
  9355 | D:16     | 4tharraofdagon: do you know command to let them pick up gear
  9355 | D:16     | Ladykiller69: no idea
  9355 | D:16     | Ladykiller69: never orc jesus'd myself
  9355 | D:16     | 4tharraofdagon: i know there is one
  9355 | D:16     | 4tharraofdagon: your own personal beogh
  9496 | D:16     | Killed an ogre mage
  9665 | D:16     | Noticed a fire dragon
  9675 | D:16     | Killed a fire dragon
  9678 | D:16     | Noticed an ice dragon
  9681 | D:16     | HP: 4/119 [ice dragon/blast of cold (33)]
  9687 | D:16     | Killed an ice dragon
  9696 | D:16     | Found a staircase to the Depths.
  9813 | D:16     | Bloax: god damn am i tired of all these disconnects
  9831 | D:16     | Ladykiller69: bloax do you do deep dwarves?
  9834 | Depths:1 | Entered Level 1 of the Depths
  9872 | Depths:2 | Bloax: no
  9945 | Depths:1 | Ladykiller69: why not?
  9954 | Depths:1 | Ladykiller69: they seem like a victory race
  9965 | Depths:1 | Ladykiller69: as mr. 4th has frequently shown
  9981 | Depths:1 | 4tharraofdagon: what
  9981 | Depths:1 | 4tharraofdagon: oh
  9981 | Depths:1 | 4tharraofdagon: deep dwarves are for sissy girls
 10017 | Depths:1 | Ladykiller69: you have quite a few high scores on them
 10030 | Depths:1 | Found a one-way gate leading to the halls of Pandemonium.
 10033 | Depths:1 | Ladykiller69: hm
 10041 | Depths:1 | Ladykiller69: depths difficulty seems inconsistent
 10041 | Depths:1 | Bloax: It's also impossible to play anything.
 10044 | Depths:1 | Ladykiller69: is that impression right?
 10044 | Depths:1 | Bloax: Because my net craps out every minute.
 10201 | D:16     | Gained Bogmar as an ally
 10353 | D:16     | Killed a lorocyproca
 10497 | Depths:1 | Noticed a stone giant
 10497 | Depths:1 | Noticed a stone giant
 10497 | Depths:1 | Noticed an ettin
 10497 | Depths:1 | Noticed a tengu reaver
 10497 | Depths:1 | Noticed a titan
 10498 | Depths:1 | Your ally Bogmar died
 10500 | Depths:2 | OMFG
 10500 | Depths:2 | Ladykiller69: hm
 10501 | Depths:2 | Ladykiller69: that much for depths difficulty being inconsistent
 10501 | Depths:2 | HP: 4/119 [tengu reaver/great sword (18)]
 10501 | Depths:2 | Slain by a tengu reaver

Action                   |  1- 3 |  4- 6 |  7- 9 | 10-12 | 13-15 || total
-------------------------+-------+-------+-------+-------+-------++-------
Melee: Hand axe          |   112 |   137 |       |       |       ||   249
       Unarmed           |       |    39 |       |       |       ||    39
       Battleaxe         |       |    46 |   251 |       |       ||   297
       War axe           |       |       |    54 |   339 |   152 ||   545
Throw: Throwing net      |       |       |     3 |       |       ||     3
Invok: Convert to Beogh  |       |     1 |       |       |       ||     1
       Recall Orcish Fol |       |       |       |     8 |     5 ||    13
 Abil: Evoke Berserk Rag |       |       |       |       |     3 ||     3
Evoke: Wand              |     7 |    15 |    20 |     8 |     8 ||    58
  Use: Scroll            |     2 |    10 |    13 |    13 |     4 ||    42
       Potion            |       |       |     4 |     6 |     5 ||    15
 Stab: Distracted        |     1 |       |     2 |     2 |     2 ||     7
       Invisible         |       |       |       |     5 |       ||     5
